 Dungeon Crawl Stone Soup version 0.27-a0-869-g165b36e3f0 (webtiles) character file.

Game seed: 3975018825643384524

170 mhtbhm the Skirmisher (level 5, 30/33 HPs)
             Began as a Gargoyle Fighter on Apr 2, 2021.
             Was a Believer of Jiyva.
             Quit the game on level 4 of the Dungeon.
             The game lasted 00:02:50 (2862 turns).

mhtbhm the Skirmisher (Gargoyle Fighter)            Turns: 2862, Time: 00:02:51

Health: 30/33      AC: 11    Str: 18    XL:     5   Next: 51%
Magic:  5/5        EV:  7    Int: 10    God:    Jiyva [**....]
Gold:   78         SH:  9    Dex: 10    Spells: 4/4 levels left

rFire    . . .     SeeInvis .   a - +0 flail
rCold    . . .     Faith    .   c - +0 kite shield
rNeg     + . .     Spirit   .   b - +0 scale mail
rPois    ∞         Reflect  .   (no helmet)
rElec    +         Harm     .   (no cloak)
rCorr    .         Rampage  .   (no gloves)
Will     .....                  (no boots)
Stlth    ..........             (no amulet)
HPRegen  0.11/turn              (no ring)
MPRegen  0.09/turn              (no ring)

@: no status effects
A: AC +4, negative energy resistance 1, electricity resistance, torment
resistance 1, unbreathing 1, petrification resistance
a: Renounce Religion, Request Jelly


You were on level 4 of the Dungeon.
You worshipped Jiyva.
Jiyva was pleased with you.
You visited 1 branch of the dungeon, and saw 4 of its levels.

You collected 78 gold pieces.

Inventory:

Hand Weapons
 a - a +0 flail (weapon)
Armour
 b - a +0 scale mail (worn)
 c - a +0 kite shield (worn)
Scrolls
 d - a scroll of identify {unknown}
 e - a scroll of enchant weapon {unknown}
 g - a scroll of teleportation {unknown}
Potions
 f - 2 potions of lignification {unknown}


   Skills:
 + Level 4.2 Fighting
 + Level 3.6 Maces & Flails
 + Level 3.9 Armour
 + Level 0.9 Dodging
 + Level 4.1 Shields


You had 4 spell levels left.
You didn't know any spells.
Your spell library was empty.

Dungeon Overview and Level Annotations

Branches:
Dungeon (4/15)
 Temple: D:4-7

Altars:
Kikubaaqudgha
Nemelex Xobeh
Sif Muna
Uskayaw
Jiyva

Shops:
D:4 [


Innate Abilities, Weirdness & Mutations

Your stone body is resilient. (AC +4)
You are immune to poison.
You resist negative energy. (rN+)
You are resistant to electric shocks. (rElec)
You are resistant to unholy torment.
You can survive without breathing.
You are immune to petrification.


Message History

You hear a distant slurping noise.
HP restored.
A hound comes into view.
The hound barks!
You hear a distant slurping noise.
Jiyva appreciates your sacrifice.
A hound is nearby!
A hound is nearby!
A hound is nearby!
The hound bites you but does no damage. x2
You sock the hound!
The hound is severely wounded.
The hound bites you but does no damage.
The hound pauses to sniff the ground.
You block the hound's attack.
You barely miss the hound.
The hound is severely wounded.
You block the hound's attack.
You hear a distant slurping noise.
The hound bites you but does no damage.
You barely miss the hound.
The hound is severely wounded.
The hound bites you. You block the hound's attack.
You hear a distant slurping noise.
Your scale mail prevents you from hitting the hound.
The hound is severely wounded.
You block the hound's attack. The hound bites you but does no damage.
Are you sure you want to abandon this character and quit the game? (Confirm with "yes".)
Okay, then.
Unknown command.
Unknown command.
Unknown command.
Unknown command.
You hear a distant slurping noise.
You block the hound's attack.
Unknown command.
You hear a distant slurping noise.
Jiyva appreciates your sacrifice. The hound closely misses you.
Unknown command.
Are you sure you want to abandon this character and quit the game? (Confirm with "yes".)

## ##.# . ...# #
#.#... #.##.#..# .
......# .#.##.#..#
.........#
#.....@.########.#
####.#h..))......#
#.#.###########
#.#.## #....##
#.....########
#..........8.∩
#.....########
#....##


You could see a hound.

Vanquished Creatures
  Purgy (D:3)
  4 adders
  An orc (D:4)
  2 bats
  An endoplasm (D:1)
  A giant cockroach (D:1)
  3 hobgoblins
  5 jackals
  3 quokkas
  2 ball pythons
  7 frilled lizards
  5 goblins
  5 kobolds
  3 rats
43 creatures vanquished.

Vanquished Creatures (others)
  A black bear (D:4)
  An adder (D:3)
  A gnoll (D:4)
  An ufetubus (D:4)
  3 endoplasms
  3 bats
  A giant cockroach (D:4)
  9 goblins
  6 hobgoblins
  2 jackals (D:2)
  4 ball pythons
  A frilled lizard (D:1)
  2 kobolds (D:2)
35 creatures vanquished.

Grand Total: 78 creatures vanquished

Notes
Turn   | Place    | Note
-------+----------+-------------------------------------------
     0 | D:1      | mhtbhm the Gargoyle Fighter began the quest for the Orb.
     0 | D:1      | Reached XP level 1. HP: 14/14 MP: 1/1
   148 | D:1      | Reached XP level 2. HP: 19/19 MP: 2/2
   296 | D:1      | Found a faded altar of an unknown god.
   303 | D:1      | Became a worshipper of Jiyva Jaik the Shapeless
   303 | D:1      | Reached * piety under Jiyva
   895 | D:2      | Reached XP level 3. HP: 5/24 MP: 3/3
  1366 | D:2      | Reached ** piety under Jiyva
  1944 | D:3      | Noticed Purgy
  1956 | D:3      | Reached XP level 4. HP: 12/29 MP: 4/4
  1959 | D:3      | Killed Purgy
  1960 | D:3      | Reached XP level 5. HP: 7/33 MP: 5/5
  2262 | D:3      | Found an ancient bone altar of Kikubaaqudgha.
  2262 | D:3      | Found a sparkling altar of Nemelex Xobeh.
  2264 | D:3      | Found a hide-covered altar of Uskayaw.
  2367 | D:3      | Found a shimmering blue altar of Sif Muna.
  2662 | D:4      | Found Enusiod's Armour Emporium.
  2816 | D:4      | Killed a black bear
  2862 | D:4      | Quit the game

Illustrated notes

Levels and vault maps discovered:
D:1:      matt_arrival_refuge, layout_loops_ring, basic_ecumenical_altar
D:2:      layout_basic, grunt_ministairs_10, palyth_stone_intersect
D:3:      layout_basic, nicolae_sif_muna_condensation,
          chequers_temple_overflow_statue_of_worship, kennysheep_nondescript,
          uniq_purgy
D:4:      minmay_goblin_kobold_castle, layout_loops_ring, serial_shops,
          shop_statue

Skill      XL: |  1  2  3  4 |
---------------+-------------+-----
Fighting       | 4 |  4.2
Maces & Flails | 3 |  3.6
Shields        | 4 |  4.1
Armour         | |  3.9
Dodging        | |  0.9

Action                   |  1- 3 |  4- 6 || total
-------------------------+-------+-------++-------
Melee: Flail             |   124 |    44 ||   168
  Use: Potion            |     1 |       ||     1
Armor: Scale mail        |    81 |    32 ||   113
Dodge: Dodged            |    48 |    14 ||    62
Block: Kite shield       |    76 |    41 ||   117

Table legend: (Time is in decaauts)
 A = Elapsed time spent in this place.
 B = Non-inter-level travel time spent in this place.
 C = Inter-level travel time spent in this place.
 D = Time resting spent in this place.
 E = Time spent auto-exploring this place.
 F = Levels seen in this place.
 G = Mean time per level.
                   A        B        C        D        E       F      G
               +--------+--------+--------+--------+--------+-----+--------+
         Total |   2945 |   2905 |     40 |    147 |   2323 |   4 |  736.2 |
       Dungeon |   2945 |   2905 |     40 |    147 |   2323 |   4 |  736.2 |
               +--------+--------+--------+--------+--------+-----+--------+

Top non-repeatable levels by time:
     D:2: 1070 daAuts
     D:1: 915 daAuts
     D:3: 712 daAuts
     D:4: 246 daAuts
